 Dungeon Crawl Stone Soup version 0.30-a0-223-gcb0039aa0c (webtiles) character file.

Game seed: 14529046305618010378

5429 freelancePsychic the Fighter (level 10, -6/82 (83) HPs)
             Began as a Demonspawn Hexslinger on Oct 10, 2022.
             Was an Elder of Makhleb.
             Mangled by Amaemon
             ... wielding a -1 demon whip of venom
              (15 damage)
             ... on level 8 of the Dungeon.
             The game lasted 00:18:09 (10172 turns).

freelancePsychic the Fighter (DsHs)                Turns: 10172, Time: 00:18:09

HP:   -6/82 (83)    AC: 11    Str: 13    XL:     10   Next: 40%
MP:   17/17         EV: 14    Int: 16    God:    Makhleb [****..]
Gold: 966           SH:  0    Dex: 14    Spells: 10/11 levels left

rFire   . . .      SeeInvis +    E - +1 whip (venom)
rCold   . . .      Faith    .    b - orb {*Rage}
rNeg    . . .      Spirit   .    g - +0 ring mail
rPois   .          Reflect  .    e - +0 helmet
rElec   .          Harm     .    q - +0 cloak
rCorr   .          Rampage  .    (no gloves)
Will    .....      Rage     20%  F - +2 pair of boots
Stlth   +.........               (no amulet)
HPRegen 0.33/turn                J - +4 ring of slaying
MPRegen 0.15/turn                a - ring of see invisible

@: lethally poisoned (-6 -> -14), about to teleport, on berserk cooldown,
lightly drained
A: repulsion field 2, demonic guardian 1, powered by death 1, weakness stinger 1
a: Renounce Religion, Minor Destruction, Lesser Servant of Makhleb, Major
Destruction


You were on level 8 of the Dungeon.
You worshipped Makhleb.
Makhleb was greatly pleased with you.
You visited 1 branch of the dungeon, and saw 9 of its levels.
You also visited: Ossuary and Bailey.

You collected 1044 gold pieces.
You spent 78 gold pieces at shops.

Inventory:

Hand Weapons
 E - a +1 whip of venom (weapon)
Missiles
 p - 7 throwing nets
Armour
 b - an orb of wrath (worn)
 c - a +0 robe
 e - a +0 helmet (worn)
 g - a +0 ring mail (worn)
 q - a +0 cloak (worn)
 F - a +2 pair of boots (worn)
Jewellery
 a - a ring of see invisible (right hand)
 r - a ring of willpower
 u - a ring of resist corrosion
 w - a +6 ring of strength
 J - a +4 ring of slaying (left hand)
Wands
 A - a wand of charming (6)
 K - a wand of flame (19)
Scrolls
 k - 3 scrolls of vulnerability
 m - a scroll of brand weapon
 o - 3 scrolls of enchant weapon
 v - a scroll of immolation
 y - 3 scrolls of teleportation {@r4}
 B - a scroll of fog
 D - a scroll of amnesia
 H - a scroll of identify {@r1}
Potions
 f - a potion of berserk rage
 n - a potion of flight
 s - 3 potions of might
 t - 4 potions of mutation
 x - 2 potions of invisibility {unknown}
 z - 2 potions of attraction {unknown}
 C - a potion of haste {unknown}
 G - 2 potions of brilliance {unknown}
Miscellaneous
 d - a phantom mirror


   Skills:
 + Level 9.6 Fighting
 - Level 4.0 Short Blades
 + Level 6.8 Maces & Flails
 - Level 2.1 Ranged Weapons
 + Level 3.7 Armour
 - Level 1.7 Dodging
 - Level 1.0 Spellcasting
 - Level 3.0 Hexes
 - Level 9.4 Invocations


You had 10 spell levels left.
You knew the following spells:

 Your Spells              Type           Power      Damage    Failure   Level
a - Slow                  Hex            40%        N/A       14%         1

Your spell library contained the following spells:

 Spells                   Type           Power      Damage    Failure   Level
 Freeze                   Ice            0%         1d3       43%         1
 Inner Flame              Hex/Fire       5%         N/A       58%         3
 Portal Projectile        Hex/Tloc       10%        N/A       58%         3
 Call Canine Familiar     Summ           0%         N/A       80%         3
 Frozen Ramparts          Ice            0%         1d1       80%         3
 Hailstorm                Conj/Ice       0%         3d3       80%         3
 Cause Fear               Hex            5%         N/A       80%         4
 Leda's Liquefaction      Hex/Erth       2%         N/A       94%         4
 Alistair's Intoxication  Tmut/Pois      0%         N/A       100%        5
 Borgnjor's Vile Clutch   Necr/Erth      0%         N/A       100%        5
 Eringya's Noxious Bog    Tmut/Pois      0%         N/A       100%        6


Dungeon Overview and Level Annotations

Branches:
Dungeon (9/15)             Temple (0/1) D:7         Ossuary (visited)
 Bailey (visited)
   Lair: D:8-11         Orc: D:9-12

Altars:
Gozag
Makhleb
Xom

Shops:
D:2 ?   D:4 *

Annotations:
D:5 3 runed translucent doors, porpoise's ghost, novice KoEn
D:8 Amaemon


Innate Abilities, Weirdness & Mutations

You are surrounded by a moderate repulsion field. (EV +3)
A weak demonic guardian rushes to your aid.
You regenerate a little health from kills.
You have a small tail.


Message History

* * * LOW HITPOINT WARNING * * *
Amaemon tail-slaps you.
* * * LOW HITPOINT WARNING * * *
You are more poisoned.
Amaemon poisons you!
You feel better.
Your ynoxinul barely misses Amaemon.
Amaemon barely misses you. Amaemon claws you.
* * * LOW HITPOINT WARNING * * *
Amaemon tail-slaps you.
* * * LOW HITPOINT WARNING * * *
You are lethally poisoned!
Amaemon poisons you!
You feel better.
Your ynoxinul closely misses Amaemon.
Amaemon barely misses you. Amaemon claws you but does no damage.
Amaemon closely misses you.
You feel better.
Your ynoxinul hits Amaemon!
Your quasit bites the orc warrior but does no damage.
Your quasit claws the orc warrior but does no damage. x2
Your quasit's attack snaps the orc warrior out of its fear.
Amaemon completely misses you. Amaemon claws you.
* * * LOW HITPOINT WARNING * * *
Amaemon completely misses you.
The orc warrior barely misses your quasit.
Okay, then.
Okay, then.
As you read the scroll of teleportation {@r4}, it crumbles to dust.
You feel strangely unstable.
Your ynoxinul barely misses Amaemon.
Your quasit bites the orc warrior but does no damage.
Your quasit closely misses the orc warrior.
Your quasit claws the orc warrior.
Amaemon hits you with a -1 demon whip of venom.
* * * LOW HITPOINT WARNING * * *
A demonic guardian appears!
You are poisoned.
Amaemon claws you but does no damage. Amaemon tail-slaps you.
* * * LOW HITPOINT WARNING * * *
The orc warrior hits your quasit but does no damage.
Amaemon attacks as you move away!
Amaemon hits you with a -1 demon whip of venom!
You die...

#.######## ############
#........# #o.........#
########.# #5########.# #.# #.#
#.##.# ##########.# #.#
#....####### .....#..##.# #.#
#.##........ ####.#..##.#####.#
#.##........
.....#...#.....#.#####.##........
#######..#.###..@5..##...........
#..#####..[63.#####........
#..........................
#.............#####........
#.............# #......[. #####
##............# ######### ....#
#........[...# ###.#
##...###.##### # #.# #...# #.#
####


You could see Amaemon (extremely poisoned, ally target), an orc warrior (ally
target), a friendly ynoxinul (summoned), a friendly quasit (summoned) and a
friendly ufetubus (summoned).

Vanquished Creatures
  A centaur warrior (D:7)
  A hornet (D:7)
  Grinder (D:6)
  Grum (Bailey)
  2 water moccasins
  A black bear (D:4)
  An orc warrior (D:8)
  2 sky beasts
  3 wolves (Bailey)
  A phantom (D:6)
  2 necrophages
  4 bullfrogs
  7 gnoll sergeants (Bailey)
  3 scorpions
  4 wights
  5 killer bees (D:8)
  A howler monkey (D:8)
  2 jellies
  8 orc priests
  9 gnoll boudas
  3 hounds
  Crazy Yiuf (D:2)
  5 iguanas
  An orc wizard (D:9)
  8 mummies (Ossuary)
  Robin (D:2)
  23 gnolls
  3 adders
  A shadow imp (D:5)
  A white imp (D:4)
  3 worms
  4 dart slugs
  21 orcs
  4 bats
  4 endoplasms
  4 giant cockroaches
  17 goblins
  13 hobgoblins
  5 kobolds
  3 quokkas
  6 ball pythons
  2 frilled lizards
  A gnoll zombie (Ossuary)
  3 hobgoblin zombies (Ossuary)
  3 orc zombies (Ossuary)
  5 rats
  2 rat zombies (D:5)
206 creatures vanquished.

Vanquished Creatures (collateral kills)
  Edmund (D:6)
  2 centaurs
  A necrophage (D:7)
  3 wights (D:8)
  A gnoll bouda (D:6)
  2 orc wizards
  3 gnolls
  2 adders (D:6)
  3 orcs
  An orc zombie (Ossuary)
19 creatures vanquished.

Vanquished Creatures (others)
  An orc wizard (D:7)
1 creature vanquished.

Grand Total: 226 creatures vanquished

Notes
Turn   | Place    | Note
-------+----------+-------------------------------------------
     0 | D:1      | freelancePsychic the Demonspawn Hexslinger began the quest
                  | for the Orb.
     0 | D:1      | Reached XP level 1. HP: 15/15 MP: 2/2
   499 | D:1      | Gained mutation: You have a small tail. [demonic ancestry]
   499 | D:1      | Reached XP level 2. HP: 18/21 MP: 3/3
   946 | D:2      | Reached skill level 1 in Short Blades
  1008 | D:2      | Gained mutation: You are surrounded by a mild repulsion
                  | field. (EV +2) [demonic ancestry]
  1008 | D:2      | Reached XP level 3. HP: 20/27 MP: 4/4
  1080 | D:2      | Found Deap's Magic Scroll Shoppe.
  1087 | D:2      | Bought a scroll of identify for 26 gold pieces
  1089 | D:2      | Bought a scroll of identify for 26 gold pieces
  1089 | D:2      | Bought a scroll of identify for 26 gold pieces
  1214 | D:2      | Noticed Robin
  1241 | D:2      | Killed Robin
  1262 | D:2      | Reached XP level 4. HP: 14/34 MP: 5/5
  1527 | D:2      | Found a faded altar of an unknown god.
  1540 | D:2      | Prayed at the altar of an unknown god.
  1540 | D:2      | Became a worshipper of Makhleb the Destroyer
  1540 | D:2      | Reached * piety under Makhleb
  1598 | D:2      | Found a runed translucent door.
  1599 | D:2      | Noticed Crazy Yiuf
  1793 | D:2      | Killed Crazy Yiuf
  1968 | D:3      | Noticed a necrophage
  1997 | D:3      | Killed a necrophage
  1998 | D:3      | Reached XP level 5. HP: 24/41 MP: 3/6
  2841 | D:3      | Found an opulent altar of Gozag.
  2841 | D:3      | Found a burning altar of Makhleb.
  2918 | D:4      | Reached ** piety under Makhleb
  2919 | D:4      | Gained mutation: A weak demonic guardian rushes to your
                  | aid. [demonic ancestry]
  2919 | D:4      | Reached XP level 6. HP: 39/48 MP: 7/7
  3013 | D:4      | Reached skill level 1 in Invocations
  3064 | D:4      | Found Manto Egg's Gadget Gallery.
  3409 | D:5      | Entered Level 5 of the Dungeon
  3593 | D:5      | Gained mutation: You are surrounded by a moderate repulsion
                  | field. (EV +3) [demonic ancestry]
  3593 | D:5      | Reached XP level 7. HP: 55/55 MP: 9/9
  3719 | D:5      | Reached skill level 5 in Fighting
  3732 | D:5      | Found a sand-covered staircase.
  3741 | Ossuary  | Entered an ossuary
  4369 | D:5      | Reached *** piety under Makhleb
  4492 | D:5      | Reached skill level 5 in Invocations
  4716 | D:5      | Found a runed translucent gate.
  4716 | D:5      | Found a runed translucent gate.
  4716 | D:5      | Found a runed translucent gate.
  4717 | D:5      | Noticed porpoise's ghost (novice KoEn)
  4848 | D:5      | Reached skill level 1 in Maces & Flails
  5217 | D:6      | Reached XP level 8. HP: 45/64 MP: 12/12
  5742 | D:6      | Noticed Grinder
  5772 | D:6      | Killed Grinder
  6231 | D:6      | Noticed Edmund
  6243 | D:6      | Killed Edmund
  6889 | D:7      | Reached XP level 9. HP: 68/72 MP: 14/14
  7046 | D:7      | Found a shimmering altar of Xom.
  7166 | D:7      | Found a staircase to the Ecumenical Temple.
  7314 | D:7      | Reached **** piety under Makhleb
  7345 | D:7      | Noticed a centaur warrior
  7356 | D:7      | Killed a centaur warrior
  7357 | D:7      | Reached skill level 5 in Maces & Flails
  7721 | D:8      | Reached skill level 1 in Armour
  8012 | D:8      | Gained mutation: You regenerate a little health from kills.
                  | [demonic ancestry]
  8012 | D:8      | Reached XP level 10. HP: 71/82 MP: 17/17
  8080 | D:8      | Found a flagged portal.
  8097 | Bailey   | Entered a bailey
  8931 | Bailey   | Noticed Grum
  8957 | Bailey   | Killed Grum
 10063 | D:9      | Noticed an orange demon
 10068 | D:9      | Noticed Amaemon
 10167 | D:8      | HP: 4/82 [Amaemon/-1 demon whip of venom (3)]
 10172 | D:8      | Mangled by Amaemon

Illustrated notes

Levels and vault maps discovered:
D:1:      dpeg_arrival_concentric_ovals, layout_basic
D:2:      layout_rooms, serial_shops, nicolae_shop_statue_plus,
          ebering_ecumenical_altar_webs, uniq_crazy_yiuf_cottage, uniq_robin
D:3:      layout_basic, amethyst_overflow_temple_binary, chequers_mini_garden
D:4:      layout_gridville, hangedman_decor_slide_cut, nicolae_shop_gadgets
D:5:      layout_basic, gammafunk_ghost_necromancy, enter_ossuary_4,
          serial_co_window_serial, co_window_corner_a, co_window_corner_a,
          co_window_corner_a, co_window_paths_b, co_window_paths_a,
          co_window_corner_cb, co_window_broadway_c, co_window_broadway_a,
          co_window_broadway_c, co_window_corner_b, co_window_unsneaky_path_e,
          glass_columns_c
D:6:      layout_loops_ring, hangedman_decor_clover_reticule,
          skrybe_limestone_x, uniq_grinder, uniq_edmund
D:7:      layout_basic, lemuel_coloured_pillars_altar, minmay_temple_entry_hall,
          minmay_three_doors
D:8:      layout_basic, enter_bailey_5, due_unseen_surprise
D:9:      layout_basic, orc_0_dummy, uniq_amaemon

Skill      XL: |  1  2  3  4  5  6  7  8  9 10 |
---------------+-------------------------------+-----
Ranged Weapons | 2 |  2.1
Fighting       | 2 3 4 6 7 8 9 |  9.6
Short Blades   | 1 2 3 4 |  4.0
Invocations    | 3 5 7 9 |  9.4
Maces & Flails | 1 4 6 |  6.8
Armour         | 2 3 |  3.7
Dodging        | |  1.7
Spellcasting   | |  1.0
Hexes          | |  3.0

Action                   |  1- 3 |  4- 6 |  7- 9 | 10-12 || total
-------------------------+-------+-------+-------+-------++-------
Melee: Short sword       |    78 |       |       |       ||    78
       Tailslap          |    10 |    23 |    46 |    21 ||   100
       Dagger            |    42 |   182 |   100 |       ||   324
       Punch             |     2 |     3 |     6 |     1 ||    12
       Whip              |       |       |   249 |   138 ||   387
 Fire: Sling             |    10 |       |       |       ||    10
 Cast: Slow              |       |     2 |       |       ||     2
Invok: Minor Destruction |       |       |    92 |    27 ||   119
       Lesser Servant of |       |       |     3 |     2 ||     5
       Major Destruction |       |       |       |     1 ||     1
  Use: Scroll            |     4 |     4 |    12 |     4 ||    24
       Potion            |       |       |     5 |     6 ||    11
Armor: Ring mail         |    30 |    51 |    99 |    48 ||   228
       Skin              |       |       |    16 |       ||    16
Dodge: Dodged            |    39 |   108 |   219 |   164 ||   530

Table legend: (Time is in decaauts)
 A = Elapsed time spent in this place.
 B = Non-inter-level travel time spent in this place.
 C = Inter-level travel time spent in this place.
 D = Time resting spent in this place.
 E = Time spent auto-exploring this place.
 F = Levels seen in this place.
 G = Mean time per level.
                   A        B        C        D        E       F      G
               +--------+--------+--------+--------+--------+-----+--------+
         Total |  10124 |   9705 |    419 |    869 |   6747 |  11 |  920.4 |
       Dungeon |   8382 |   7963 |    419 |    236 |   6139 |   9 |  931.3 |
       Ossuary |    482 |    482 |      0 |    145 |    189 |   1 |  482.0 |
        Bailey |   1258 |   1258 |      0 |    487 |    418 |   1 | 1258.0 |
               +--------+--------+--------+--------+--------+-----+--------+

Top non-repeatable levels by time:
     D:8: 1318 daAuts
     D:6: 1316 daAuts
  Bailey: 1258 daAuts
     D:5: 1213 daAuts
     D:7: 1099 daAuts
     D:2: 994 daAuts
     D:3: 927 daAuts
     D:1: 921 daAuts
     D:4: 563 daAuts
 Ossuary: 482 daAuts
     D:9: 28 daAuts
